 Dungeon Crawl Stone Soup version 0.31-a0-38-g1548c4f2a5 (webtiles) character file.

Game seed: 5354261965143694952

1509 pk666 the Magician (level 8, -7/41 HPs)
             Began as a Deep Elf Fire Elementalist on May 17, 2023.
             Mangled by a boulder beetle (20 damage)
             ... on level 7 of the Dungeon.
             The game lasted 00:12:34 (5673 turns).

pk666 the Magician (Deep Elf Fire Elementalist)     Turns: 5673, Time: 00:12:34

Health: -7/41      AC:  3    Str:  5    XL:     8   Next: 53%
Magic:  6/21       EV: 15    Int: 23    God:
Gold:   407        SH:  5    Dex: 15    Spells: 15/22 levels left

rFire   + . .        y - +2 dire flail (protect)
rCold   x . .        (shield currently unavailable)
rNeg    . . .        a - +0 robe
rPois   .            (no helmet)
rElec   .            (no cloak)
rCorr   +            A - +0 pair of gloves
SInv    .            (no boots)
Will    .....        j - amulet of reflection
Stlth   ++           x - ring of resist corrosion
HPRegen 0.26/turn    o - ring of fire
MPRegen 0.17/turn

%: reflection
@: no status effects
A: no striking features
a: no special abilities


You were on level 7 of the Dungeon.
You visited 2 branches of the dungeon, and saw 9 of its levels.

You collected 407 gold pieces.

Inventory:

Hand Weapons
 w - a +1 whip of electrocution
 y - a +2 dire flail of protection (weapon)
Armour
 a - a +0 robe (worn)
 A - a +0 pair of gloves (worn)
Jewellery
 j - an amulet of reflection (around neck)
 o - a ring of fire (right hand)
 s - an amulet of magic regeneration
 x - a ring of resist corrosion (left hand)
 z - an amulet of regeneration
Wands
 l - a wand of mindburst (13)
 p - a wand of iceblast (4)
Scrolls
 e - 2 scrolls of noise {unknown}
 f - 3 scrolls of vulnerability {unknown}
 g - 2 scrolls of fear {unknown}
 h - 5 scrolls of identify {unknown}
 i - 2 scrolls of magic mapping {unknown}
 n - 3 scrolls of poison
 r - 2 scrolls of enchant weapon {unknown}
 t - 2 scrolls of fog {unknown}
 u - 3 scrolls of teleportation {unknown}
 v - 2 scrolls of amnesia {unknown}
Potions
 b - 2 potions of magic
 c - 3 potions of degeneration {unknown}
 d - 3 potions of curing
 k - a potion of lignification {unknown}
 m - 3 potions of flight {unknown}
 q - 2 potions of ambrosia {unknown}
 B - a potion of brilliance {unknown}


   Skills:
 + Level 6.8 Dodging
 - Level 2.4 Stealth
 + Level 7.5 Spellcasting
 + Level 5.8 Conjurations
 + Level 6.7 Fire Magic


You had 15 spell levels left.
You knew the following spells:

 Your Spells              Type           Power      Damage    Failure   Level
a - Foxfire               Conj/Fire      100%       2x1d9     1%          1
b - Scorch                Fire           100%       2d9       1%          2
c - Flame Wave            Conj/Fire      54%        2d13      5%          4

Your spell library contained the following spells:

 Spells                   Type           Power      Damage    Failure   Level
 Inner Flame              Hex/Fire       36%        N/A       5%          3
 Volatile Blastmotes      Fire/Tloc      72%        2d16      5%          3
 Hailstorm                Conj/Ice       22%        3d7       7%          3
 Freeze                   Ice            32%        1d5       8%          1
 Slow                     Hex            32%        N/A       8%          1
 Confusing Touch          Hex            8%         N/A       22%         3
 Frozen Ramparts          Ice            16%        1d3       22%         3
 Vampiric Draining        Necr           8%         2d6       22%         3
 Summon Cactus Giant      Summ           4%         N/A       100%        6


Dungeon Overview and Level Annotations

Branches:
Dungeon (8/15)             Temple (1/1) D:5
   Lair: D:8-11

Altars:
Ashenzari
Dithmenos
Fedhas
Gozag
Hepliaklqana
Kikubaaqudgha
Nemelex Xobeh
Okawaru
Ru
Trog
Uskayaw
Wu Jian
Yredelemnul
The Shining One

Shops:
D:7 (

Annotations:
D:5 1 exclusion
D:6 Maggie


Message History

The boulder beetle attacks as you move away!
The boulder beetle bites you!
The boulder beetle attacks as you move away!
The boulder beetle bites you!
* * * LOW HITPOINT WARNING * * *
Okay, then.
The air fills with toxic fumes!
As you read the scroll labelled EROZOM UGGAVVA, it crumbles to dust.
It was a scroll of poison.
The boulder beetle leaps!
Okay, then.
You are too injured to fight recklessly!
Casting: Foxfire (safe; 1% risk of failure)
Confirm with . or Enter, or press ? or * to list all spells.
You feel a surge of power!
Flames lash the boulder beetle but do no damage.
The boulder beetle is engulfed in poison gas.
The boulder beetle is poisoned.
Casting: Scorch (safe; 1% risk of failure)
Confirm with . or Enter, or press ? or * to list all spells.
You feel a surge of power!
Flames lash the boulder beetle but do no damage.
The boulder beetle is engulfed in poison gas.
The boulder beetle looks even sicker.
Casting: Scorch (safe; 1% risk of failure)
Confirm with . or Enter, or press ? or * to list all spells.
Casting: Flame Wave (dangerous; 5% risk of failure)
Press: ? - help, Dir - look around, f - activate You feel a surge of power!
A wave of flame ripples out!
The flame wave engulfs the boulder beetle but does no damage.
The boulder beetle is lightly wounded. (Press . to intensify the flame waves.)
The boulder beetle is engulfed in poison gas.
The boulder beetle looks even sicker.
The boulder beetle bites you!!
You die...

#.#..##.#..#
#..#.##..# #.##....##
#..§#.##..# ## #
#..§##.#..##§#..##.
#.##§...##§§§.# ...
#.#§§##.#§§# .#..#
#..#.##§§#.##..#.##
#.##B@§§##....##..
#§§§#§##§§#.##..# #
#§§.##§#..##.#..##.#.
####..§§##....##....#
##..##§#..##.#..# .#.
#.#.##§§#.##..#.##..#
###...§##....##....#
#..#.##§.#.##..#.##..
#..##.#..##.#..##.#..


You could see a boulder beetle (very poisoned).

Vanquished Creatures
  Edmund (D:4)
  A water moccasin (D:5)
  A black bear (D:6)
  2 ice beasts
  2 ogres
  A kobold brigand (D:6)
  A bullfrog (D:6)
  6 scorpions
  2 sleepcaps
  2 iguanas
  3 orc wizards (D:5)
  A mummy (D:6)
  4 gnolls
  2 adders
  2 white imps
  An ufetubus (D:4)
  A dart slug (D:5)
  15 orcs
  9 ball pythons
  9 endoplasms
  4 giant cockroaches
  6 goblins
  10 hobgoblins
  16 kobolds
  5 quokkas
  9 bats
  2 frilled lizards (D:1)
  A goblin zombie (D:6)
  10 rats
129 creatures vanquished.

Vanquished Creatures (others)
  273 foxfires
273 creatures vanquished.

Grand Total: 402 creatures vanquished

Notes
Turn   | Place    | Note
-------+----------+-------------------------------------------
     0 | D:1      | pk666 the Deep Elf Fire Elementalist began the quest for
                  | the Orb.
     0 | D:1      | Reached XP level 1. HP: 10/10 MP: 6/6
   163 | D:1      | Reached XP level 2. HP: 15/15 MP: 4/8
   226 | D:1      | Learned a level 2 spell: Scorch
   449 | D:1      | Reached XP level 3. HP: 19/19 MP: 5/10
  1586 | D:2      | Reached XP level 4. HP: 24/24 MP: 8/11
  1943 | D:3      | Reached skill level 4 in Spellcasting
  2209 | D:3      | Reached XP level 5. HP: 28/28 MP: 7/13
  2260 | D:3      | Learned a level 4 spell: Flame Wave
  2351 | D:3      | Found a sparkling altar of Nemelex Xobeh.
  2516 | D:4      | Noticed Edmund
  3210 | D:4      | Noticed an ogre
  3217 | D:4      | Killed an ogre
  3218 | D:4      | Reached skill level 5 in Spellcasting
  3218 | D:4      | Reached XP level 6. HP: 32/32 MP: 10/15
  3477 | D:4      | Killed Edmund
  3478 | D:4      | Reached skill level 5 in Fire Magic
  3874 | D:5      | Entered Level 5 of the Dungeon
  3874 | D:5      | Found a staircase to the Ecumenical Temple.
  3893 | Temple   | Entered the Ecumenical Temple
  4259 | D:5      | Reached skill level 5 in Dodging
  4263 | D:5      | Noticed an ice beast
  4270 | D:5      | Killed an ice beast
  4271 | D:5      | Reached XP level 7. HP: 36/36 MP: 11/17
  4363 | D:5      | Reached skill level 6 in Spellcasting
  4890 | D:6      | Reached skill level 5 in Conjurations
  4972 | D:6      | Reached XP level 8. HP: 41/41 MP: 16/20
  5001 | D:6      | Reached skill level 7 in Spellcasting
  5005 | D:6      | Noticed Maggie
  5204 | D:6      | Found a sand-covered staircase.
  5395 | D:6      | You fall into a shaft and drop 2 floors!
  5461 | D:7      | Found Ruucol Caoxt's Weapon Shop.
  5654 | D:7      | Noticed a boulder beetle
  5673 | D:7      | Mangled by a boulder beetle

Illustrated notes

Levels and vault maps discovered:
D:1:      wander_arrival_peaceful_grave, layout_basic,
          corexii_item_surrounded_by_moat, minmay_domino_2
D:2:      layout_rooms, minmay_split_cup_small
D:3:      layout_rooms, lemuel_coloured_pillars_altar,
          chequers_serial_rivers_small_b
D:4:      kennysheep_six_static_rooms, layout_loops_ring, uniq_edmund
D:5:      minmay_inner_zag, layout_rooms, minmay_temple_entry_offerings
D:6:      layout_basic, nicolae_ossuary_entry_giza, nicolae_shop_clearance,
          uniq_maggie
D:7:      layout_basic, kennysheep_slug_shrine, kennysheep_mini_moat,
          serial_shops, shop, shop, nicolae_shop_rolling_square,
          minmay_misc_feat_ornament, nicolae_eternal_life,
          minmay_stone_trees_medium, nicolae_shop_fire_sale
          [nicolae_sub_dead_trees], minmay_misc_feat_secret_circle,
          nicolae_take_the_stairs, item_on_display_a
D:8:      layout_loops_ring, mainiacjoe_overflow_concentric_impassable,
          nicolae_qazlal_general_emergency, lemuel_crystal_altar, serial_shops,
          shop, uniq_maurice, uniq_grum
Temple:   nicolae_temple_bog_church

Skill      XL: |  1  2  3  4  5  6  7  8 |
---------------+-------------------------+-----
Dodging        | 3 4 5 6 |  6.8
Conjurations   | 2 3 4 5 |  5.8
Fire Magic     | 4 5 6 |  6.7
Spellcasting   | 4 5 6 7 |  7.5
Stealth        | |  2.4

Action                     |  1- 3 |  4- 6 |  7- 9 || total
---------------------------+-------+-------+-------++-------
   Cast: Foxfire           |    72 |    62 |    26 ||   160
         Scorch            |     5 |    31 |    34 ||    70
         Flame Wave        |       |     2 |     3 ||     5
  Evoke: Wand              |       |     2 |     1 ||     3
    Use: Potion            |       |     1 |       ||     1
         Scroll            |       |       |     1 ||     1
 Armour: Robe              |     1 |       |       ||     1
  Dodge: Dodged            |     2 |     6 |     7 ||    15
  Block: Other             |       |     3 |     1 ||     4
         Reflection        |       |     1 |       ||     1

Table legend: (Time is in decaauts)
 A = Elapsed time spent in this place.
 B = Non-inter-level travel time spent in this place.
 C = Inter-level travel time spent in this place.
 D = Time resting spent in this place.
 E = Time spent auto-exploring this place.
 F = Levels seen in this place.
 G = Mean time per level.
                   A        B        C        D        E       F      G
               +--------+--------+--------+--------+--------+-----+--------+
         Total |   5681 |   5460 |    221 |    628 |   4016 |   9 |  631.2 |
       Dungeon |   5477 |   5273 |    204 |    628 |   3842 |   8 |  684.6 |
        Temple |    204 |    187 |     17 |      0 |    174 |   1 |  204.0 |
               +--------+--------+--------+--------+--------+-----+--------+

Top non-repeatable levels by time:
     D:4: 1330 daAuts
     D:1: 1034 daAuts
     D:3: 823 daAuts
     D:5: 712 daAuts
     D:2: 683 daAuts
     D:6: 615 daAuts
  Temple: 204 daAuts
     D:7: 178 daAuts
     D:8: 99 daAuts
